 Dungeon Crawl Stone Soup version 0.28-a0-479-g5baa6b73be (webtiles) character file.

Game seed: 13195628987914248561

491 dracfodder the Digger (level 7, -2/37 HPs)
             Began as a Gargoyle Earth Elementalist on Sept 16, 2021.
             Slain by a bullfrog (4 damage)
             ... on level 7 of the Dungeon on Sept 19, 2021.
             The game lasted 00:27:44 (4510 turns).

dracfodder the Digger (Gargoyle Earth Elementalist) Turns: 4510, Time: 00:27:45

Health: -2/37      AC: 10    Str: 11    XL:     7   Next: 14%
Magic:  14/14      EV: 11    Int: 18    God:
Gold:   185        SH:  3    Dex: 10    Spells: 10/16 levels left

rFire   . . .      SeeInvis .   a - +0 whip (venom)
rCold   . . .      Faith    .   f - +0 buckler
rNeg    + . .      Spirit   .   e - +0 robe
rPois   ∞          Reflect  .   (no helmet)
rElec   +          Harm     .   t - +0 cloak
rCorr   +          Rampage  .   m - +2 pair of gloves
Will    .....                   (no boots)
Stlth   ++........              (no amulet)
HPRegen 0.12/turn               n - ring of resist corrosion
MPRegen 0.14/turn               g - ring of wizardry

@: no status effects
A: sickness immunity, AC +4, negative energy resistance 1, electricity
resistance, torment resistance 1, petrification resistance
a: no special abilities


You were on level 7 of the Dungeon.
You visited 1 branch of the dungeon, and saw 6 of its levels.

You collected 225 gold pieces.
You spent 40 gold pieces at shops.

Inventory:

Hand Weapons
 a - a +0 whip of venom (weapon)
 b - a +0 hunting sling of flaming
Missiles
 c - 64 stones
 h - 16 poisoned darts (quivered)
 i - 58 arrows
 k - 28 bolts
Armour
 e - a +0 robe (worn)
 f - a +0 buckler (worn)
 m - a +2 pair of gloves (worn)
 t - a +0 cloak (worn)
Jewellery
 g - a ring of wizardry (right hand)
 n - a ring of resist corrosion (left hand)
Wands
 q - a wand of flame (20)
Scrolls
 p - a scroll of summoning {unknown}
 r - a scroll of amnesia {unknown}
 s - a scroll of torment {unknown}
Potions
 d - 2 potions of lignification
 j - a potion of flight
 l - 3 potions of curing
 o - a potion of heal wounds


   Skills:
 + Level 0.7 Fighting
 + Level 0.5 Maces & Flails
 + Level 0.8 Slings
 + Level 2.0 Dodging
 + Level 2.8 Stealth
 + Level 0.1 Shields
 * Level 5.1 Spellcasting
 + Level 0.1 Conjurations
 + Level 0.8 Transmutations
 + Level 5.9 Earth Magic


You had 10 spell levels left.
You knew the following spells:

 Your Spells              Type           Power      Damage    Failure   Level
a - Sandblast             Erth           50%        2d12      1%          1
b - Passwall              Tmut/Erth      13%        N/A       3%          2
c - Stone Arrow           Conj/Erth      30%        3d8       8%          3

Your spell library contained the following spells:

 Spells                   Type           Power      Damage    Failure   Level
 Ensorcelled Hibernation  Hex/Ice        8%         N/A       13%         2
 Petrify                  Tmut/Erth      16%        N/A       21%         4
 Tukima's Dance           Hex            4%         N/A       26%         3


Dungeon Overview and Level Annotations

Branches:
Dungeon (5/15)             Temple (0/1) D:4

Altars:
Fedhas
Wu Jian
The Shining One

Shops:
D:4 !([=


Innate Abilities, Weirdness & Mutations

You are immune to sickness and miasma.
Your stone body is resilient. (AC +4)
You are immune to poison.
You resist negative energy. (rN+)
You are resistant to electric shocks. (rElec)
You are resistant to unholy torment.
You are immune to petrification.


Message History

The kobold brigand hits you with a +0 short sword.
* * * LOW HITPOINT WARNING * * *
An orc wizard comes into view. It is wielding a +0 dagger.
The bullfrog misses you.
You hit the iguana.
The iguana looks as sick as possible!
The iguana is heavily wounded.
The centaur barely misses you. The centaur closely misses you.
The iguana bites you but does no damage.
The bullfrog hits you but does no damage.
The kobold brigand hits you with a +0 short sword.
* * * LOW HITPOINT WARNING * * *
The centaur hits you but does no damage.
The centaur kicks you but does no damage.
The iguana closely misses you.
You barely miss the iguana.
The iguana is heavily wounded.
The bullfrog closely misses you.
The centaur hits you but does no damage.
The centaur barely misses you. The kobold brigand closely misses you.
The bullfrog hits you but does no damage.
The iguana bites you but does no damage.
You hit the orc.
The orc is heavily wounded.
The centaur barely misses you.
The centaur kicks you but does no damage.
The bullfrog hits you but does no damage.
The kobold brigand hits you but does no damage.
An orc priest comes into view. It is wielding a +0 whip.
The centaur hits you but does no damage.
The centaur kicks you but does no damage.
The bullfrog hits you but does no damage.
The iguana bites you.
* * * LOW HITPOINT WARNING * * *
The orc barely misses you.
The orc priest shouts!
You hit the iguana but do no damage.
The iguana looks as sick as possible!
The iguana is almost dead.
The centaur barely misses you. The centaur closely misses you.
The bullfrog hits you.
You die...

###### .
##≈≈≈≈## .
..###≈≈≈≈≈≈###..
#....≈≈.........
....≈≈..........
...≈....≈≈......
...≈..≈≈..≈..(..
....≈≈l@F.≈..)..
......coK≈......
......≈≈⌠.......
.....≈....≈≈....
...o.≈..≈≈..≈...
......≈≈....≈...
.?........≈≈....
.o.......≈≈.....


You could see a kobold brigand, a bullfrog (poisoned), a centaur, an iguana
(extremely poisoned), an orc priest, an orc wizard and an orc.

Vanquished Creatures
  2 scorpions (D:4)
  A water moccasin skeleton (D:4)
  A jelly (D:4)
  3 hounds (D:4)
  3 orc priests (D:4)
  A bullfrog skeleton (D:4)
  2 adders
  2 dart slugs
  5 orcs (D:4)
  5 ball pythons
  8 endoplasms
  2 giant cockroaches
  4 goblins
  4 hobgoblins
  8 jackals
  A quokka (D:1)
  A bat (D:1)
  4 frilled lizards
  9 kobolds
  8 rats
74 creatures vanquished.

Notes
Turn   | Place    | Note
-------+----------+-------------------------------------------
     0 | D:1      | dracfodder the Gargoyle Earth Elementalist began the quest
                  | for the Orb.
     0 | D:1      | Reached XP level 1. HP: 10/10 MP: 3/3
   245 | D:1      | Reached XP level 2. HP: 15/15 MP: 3/5
   867 | D:1      | Learned a level 2 spell: Passwall
   975 | D:1      | Reached XP level 3. HP: 19/19 MP: 3/6
  1663 | D:2      | Found a faded altar of an unknown god.
  2011 | D:2      | Learned a level 3 spell: Stone Arrow
  2239 | D:3      | Found an ornate altar of the Wu Jian Council.
  2313 | D:3      | Reached XP level 4. HP: 24/24 MP: 7/7
  2673 | D:3      | Upgraded the game from 0.28-a0-476-g0f06bd746f to
                  | 0.28-a0-479-g5baa6b73be
  2928 | D:4      | Reached skill level 5 in Earth Magic
  2954 | D:4      | Found a staircase to the Ecumenical Temple.
  3004 | D:4      | Found Azurioch's Jewellery Emporium.
  3073 | D:4      | Found Zoergh's Antique Armour Shoppe.
  3080 | D:5      | Entered Level 5 of the Dungeon
  3088 | D:4      | Found Elamnal's Distillery.
  3095 | D:4      | Found Jotutusu's Weapon Emporium.
  3108 | D:4      | Reached XP level 5. HP: 5/28 MP: 2/9
  3599 | D:4      | Reached XP level 6. HP: 31/33 MP: 7/11
  3748 | D:4      | Bought a potion of degeneration for 10 gold pieces
  3748 | D:4      | Bought a potion of curing for 30 gold pieces
  4257 | D:4      | Found a blossoming altar of Fedhas.
  4383 | D:4      | Reached skill level 5 in Spellcasting
  4383 | D:4      | Reached XP level 7. HP: 37/37 MP: 11/14
  4417 | D:4      | Found a glowing golden altar of the Shining One.
  4497 | D:4      | You fall into a shaft and drop 3 floors!
  4510 | D:7      | Slain by a bullfrog

Illustrated notes

Levels and vault maps discovered:
D:1:      wander_arrival_chamber, layout_basic, minmay_split_cup_small
D:2:      layout_rooms, chequers_ecumenical_altar_island, serial_curves,
          eino_curves_01, eino_curves_03
D:3:      layout_basic, overflow_temple_1_default
D:4:      layout_basic, lemuel_crystal_altar, mainiacjoe_overflow_alcove_2,
          minmay_temple_entry_large_hall, serial_shops, shop,
          nicolae_stop_n_shop_1, shop, nicolae_stop_n_shop_1,
          nicolae_take_the_stairs
D:5:      layout_loops_ring, makhleb_altar_promises_db, supply_closet_lemuel,
          uniq_duvessa
D:7:      cheibrodos_helix_gallery, layout_basic, dk_yredelemnul_ordeal,
          kennysheep_mini, serial_shops, shop, kennysheep_windowed_goal

Skill      XL: |  1  2  3  4  5  6 |
---------------+-------------------+-----
Earth Magic    | 4 5 |  5.9
Spellcasting   | 3 5 |  5.1
Dodging        | 2 |  2.0
Fighting       | |  0.7
Maces & Flails | |  0.5
Slings         | |  0.8
Stealth        | |  2.8
Shields        | |  0.1
Conjurations   | |  0.1
Transmutations | |  0.8

Action                   |  1- 3 |  4- 6 |  7- 9 || total
-------------------------+-------+-------+-------++-------
Melee: Whip              |    14 |    39 |    11 ||    64
 Fire: Hunting sling     |     7 |     3 |       ||    10
Throw: Dart              |       |     2 |     1 ||     3
 Cast: Sandblast         |    50 |    43 |     4 ||    97
       Passwall          |       |     3 |       ||     3
       Stone Arrow       |       |     1 |       ||     1
  Use: Scroll            |     6 |       |       ||     6
Armor: Robe              |    15 |    22 |    28 ||    65
Dodge: Dodged            |    14 |    27 |    29 ||    70
Block: Buckler           |     7 |     4 |     5 ||    16

Table legend: (Time is in decaauts)
 A = Elapsed time spent in this place.
 B = Non-inter-level travel time spent in this place.
 C = Inter-level travel time spent in this place.
 D = Time resting spent in this place.
 E = Time spent auto-exploring this place.
 F = Levels seen in this place.
 G = Mean time per level.
                   A        B        C        D        E       F      G
               +--------+--------+--------+--------+--------+-----+--------+
         Total |   4522 |   4439 |     83 |   1962 |   1498 |   6 |  753.7 |
       Dungeon |   4522 |   4439 |     83 |   1962 |   1498 |   6 |  753.7 |
               +--------+--------+--------+--------+--------+-----+--------+

Top non-repeatable levels by time:
     D:4: 1597 daAuts
     D:1: 1394 daAuts
     D:2: 764 daAuts
     D:3: 746 daAuts
     D:7: 14 daAuts
     D:5: 4 daAuts
